cohdb
Replays
Latest Replays
All Replays
Popular Replays
Top Player Replays
Match Explorer
How It Works
Community
CoH3 Stats
Reddit
Sign in to upload your games and track your stats! →
Sign in with Steam
Match 45894509
Unlisted
Match 45894509
Overview
Messages
Build Orders
End
Pioneer Squad
Construct Infanterie Kompanie
Grenadier Squad
MG 42 Machine Gun Team
MG 42 Machine Gun Team
Grenadier Squad
Construct Panzergrenadier Kompanie
Medical Station
Selects Mechanized Battlegroup
Selects Raid Package
MG 42 Machine Gun Team
Infanterie Officer Quarters
Selects 8 Rad Armored Car
8 Rad Armored Car
MG 42 Machine Gun Team
8 Rad Armored Car
Pak 40 Anti-tank Gun Team
Pak 40 Anti-tank Gun Team
8 Rad Armored Car
Construct Panzer Kompanie
Panzer IV Medium Tank
Pak 40 Anti-tank Gun Team
Selects Panther Heavy Tank
Selects Mobile Repair Stations
Grenadier Squad
MG 42 Machine Gun Team
Panzer IV Medium Tank
Panzer Officer Quarters
Selects Wespe Self-propelled Artillery
Pioneer Squad
Panzergrenadier Squad
Herr Blautier
TBoR
0rozco
Z-Teck the Stampede
0
0
Comments
sign in to comment!
No comments posted yet!